TOP OF THE 1ST |
Hamilton Cardinals batting - Pitching for Detroit Red Wings : LHP Estêvão Cavadas
|
Pitching: LHP Estêvão Cavadas
|
|
Batting: SHB Justin Towry
|
0-0: Ball 1-0: Swinging Strike 1-1: Ball 2-1: Fly out, F7 (Flyball, 78M, EV 89.4 MPH)
|
Batting: RHB Tim Williams
|
0-0: Ball 1-0: Ball 2-0: Foul Ball, location: 2F 2-1: Ball 3-1: Base on Balls
|
Batting: RHB Ben Politi
|
Pickoff Throw to First - Out! 1-3 0-0: Called Strike 0-1: Foul Ball, location: 2F 0-2: Foul Ball, location: 2F 0-2: Ball 1-2: Foul Ball, location: 2F 1-2: Ball 2-2: Foul Ball, location: 2F 2-2: Fly out, F9 (Flyball, 89D, EV 101.9 MPH)
|
Top of the 1st over - 0 runs, 0 hits, 0 errors, 0 left on base; Hamilton 0 - Detroit 0 |
BOTTOM OF THE 1ST |
Detroit Red Wings batting - Pitching for Hamilton Cardinals : RHP Steve Pierson
|
Pitching: RHP Steve Pierson
|
|
Batting: RHB Jose Evangelista
|
0-0: Called Strike 0-1: Foul Ball, location: 2F 0-2: Strikes out looking
|
Batting: SHB Chris Wagler
|
0-0: Ball 1-0: Fly out, F7 (Flyball, 7LS, EV 91.9 MPH)
|
Batting: RHB Tony Nunez
|
0-0: Called Strike 0-1: Fly out, F9 (Flyball, 89D, EV 89.4 MPH)
|
Bottom of the 1st over - 0 runs, 0 hits, 0 errors, 0 left on base; Hamilton 0 - Detroit 0 |
TOP OF THE 2ND |
Hamilton Cardinals batting - Pitching for Detroit Red Wings : LHP Estêvão Cavadas
|
Batting: RHB Steve Hansen
|
0-0: Ball 1-0: Called Strike 1-1: Ball 2-1: Fly out, F8 (Flyball, 8RD, EV 103.1 MPH)
|
Batting: RHB Johnny Lowe
|
0-0: DOUBLE (Line Drive, 7LM, EV 101.2 MPH)
|
Batting: RHB McGwire Jones
|
0-0: Called Strike 0-1: Fly out, F6 (Flyball, 6D, EV 83.1 MPH)
|
Batting: RHB Sam Daw
|
0-0: Fly out, F8 (Flyball, 8RD, EV 89.4 MPH)
|
Top of the 2nd over - 0 runs, 1 hit, 0 errors, 1 left on base; Hamilton 0 - Detroit 0 |
BOTTOM OF THE 2ND |
Detroit Red Wings batting - Pitching for Hamilton Cardinals : RHP Steve Pierson
|
Batting: LHB Glen Boyle
|
0-0: Ball 1-0: Swinging Strike 1-1: Ground out 4-3 (Groundball, 4, EV 84.4 MPH)
|
Batting: RHB Brandon Everett
|
0-0: Foul Ball, location: 2F 0-1: Ball 1-1: SINGLE (Groundball, 6M, EV 95.0 MPH) (infield hit)
|
Batting: RHB Kevin Steed
|
0-0: Called Strike 0-1: Ball 1-1: Called Strike 1-2: Ball 2-2: Strikes out swinging
|
Batting: LHB Isao Fukui
|
0-0: Ball 1-0: Ball 2-0: Called Strike 2-1: Swinging Strike 2-2: Foul Ball, location: 2F 2-2: Strikes out swinging
|
Bottom of the 2nd over - 0 runs, 1 hit, 0 errors, 1 left on base; Hamilton 0 - Detroit 0 |
TOP OF THE 3RD |
Hamilton Cardinals batting - Pitching for Detroit Red Wings : LHP Estêvão Cavadas
|
Batting: RHB Edgar Klockow
|
0-0: Called Strike 0-1: Ball 1-1: Fly out, F7 (Flyball, 78XD, EV 103.8 MPH)
|
Batting: RHB Chris Rouleau
|
0-0: Ball 1-0: Fly out, F4 (Popup, 4S, EV 75.6 MPH)
|
Batting: SHB Justin Towry
|
0-0: Ball 1-0: Ground out U3 (Groundball, 34S, EV 86.2 MPH)
|
Top of the 3rd over - 0 runs, 0 hits, 0 errors, 0 left on base; Hamilton 0 - Detroit 0 |
BOTTOM OF THE 3RD |
Detroit Red Wings batting - Pitching for Hamilton Cardinals : RHP Steve Pierson
|
Batting: RHB Norm Wood
|
0-0: Foul Ball, location: 2F 0-1: Bunt missed! 0-2: Ball 1-2: Strikes out swinging
|
Batting: RHB Nate Dabney
|
0-0: Fly out, F7 (Flyball, 7D, EV 85.6 MPH)
|
Batting: RHB Jose Evangelista
|
0-0: Ball 1-0: Called Strike 1-1: Foul Ball, location: 2F 1-2: Foul Ball, location: 2F 1-2: SINGLE (Groundball, 56D, EV 103.1 MPH)
|
Batting: SHB Chris Wagler
|
0-0: Ball 1-0: Foul Ball, location: 2F 1-1: Ball 2-1: Foul Ball, location: 2F 2-2: Strikes out swinging
|
Bottom of the 3rd over - 0 runs, 1 hit, 0 errors, 1 left on base; Hamilton 0 - Detroit 0 |
TOP OF THE 4TH |
Hamilton Cardinals batting - Pitching for Detroit Red Wings : LHP Estêvão Cavadas
|
Batting: RHB Tim Williams
|
0-0: Ball 1-0: Called Strike 1-1: Ball 2-1: Called Strike 2-2: Ground out 5-3 (Groundball, 56, EV 105.6 MPH)
|
Batting: RHB Ben Politi
|
0-0: Ball 1-0: Ball 2-0: Foul Ball, location: 2F 2-1: Fly out, F4 (Flyball, 4D, EV 82.5 MPH)
|
Batting: RHB Steve Hansen
|
0-0: Ball 1-0: Foul Ball, location: 2F 1-1: Called Strike 1-2: Ball 2-2: Ball 3-2: Base on Balls
|
Batting: RHB Johnny Lowe
|
0-0: Called Strike 0-1: Ball 1-1: Foul Ball, location: 2F 1-2: Ball 2-2: Strikes out swinging
|
Top of the 4th over - 0 runs, 0 hits, 0 errors, 1 left on base; Hamilton 0 - Detroit 0 |
BOTTOM OF THE 4TH |
Detroit Red Wings batting - Pitching for Hamilton Cardinals : RHP Steve Pierson
|
Batting: RHB Tony Nunez
|
0-0: Ball 1-0: Called Strike 1-1: Called Strike 1-2: Strikes out swinging
|
Batting: LHB Glen Boyle
|
0-0: Called Strike 0-1: Called Strike 0-2: Ball 1-2: Strikes out looking
|
Batting: RHB Brandon Everett
|
0-0: Ball 1-0: Ball 2-0: SINGLE (Groundball, 6MD, EV 98.1 MPH)
|
Batting: RHB Kevin Steed
|
0-0: Ball 1-0: Ball 2-0: Fly out, F7 (Flyball, 7LS, EV 91.9 MPH)
|
Bottom of the 4th over - 0 runs, 1 hit, 0 errors, 1 left on base; Hamilton 0 - Detroit 0 |
TOP OF THE 5TH |
Hamilton Cardinals batting - Pitching for Detroit Red Wings : LHP Estêvão Cavadas
|
Batting: RHB McGwire Jones
|
0-0: SINGLE (Line Drive, 8RS, EV 96.2 MPH)
|
Batting: RHB Sam Daw
|
0-0: Ball 1-0: Ball 2-0: Grounds into double play, 3-6-1 (Groundball, 34, EV 80.0 MPH)
|
Batting: RHB Edgar Klockow
|
0-0: Ball 1-0: Ball 2-0: SINGLE (Groundball, 56D, EV 101.2 MPH)
|
Batting: RHB Chris Rouleau
|
0-0: Called Strike 0-1: Foul Ball, location: 2F 0-2: Ball 1-2: Foul Ball, location: 2F 1-2: Fly out, F6 (Flyball, 6MD, EV 88.8 MPH)
|
Top of the 5th over - 0 runs, 2 hits, 0 errors, 1 left on base; Hamilton 0 - Detroit 0 |
BOTTOM OF THE 5TH |
Detroit Red Wings batting - Pitching for Hamilton Cardinals : RHP Steve Pierson
|
Batting: LHB Isao Fukui
|
0-0: Called Strike 0-1: Ball 1-1: Ball 2-1: Fly out, F9 (Flyball, 9S, EV 89.4 MPH)
|
Batting: RHB Norm Wood
|
0-0: Called Strike 0-1: Ball 1-1: SINGLE (Line Drive, 8RS, EV 90.6 MPH)
|
Batting: RHB Nate Dabney
|
0-0: Ball 1-0: Ball 2-0: Swinging Strike 2-1: Swinging Strike 2-2: Strikes out swinging
|
Batting: RHB Jose Evangelista
|
0-0: Ball 1-0: Ball 2-0: Called Strike 2-1: Ball 3-1: Foul Ball, location: 2F 3-2: Strikes out looking
|
Bottom of the 5th over - 0 runs, 1 hit, 0 errors, 1 left on base; Hamilton 0 - Detroit 0 |
TOP OF THE 6TH |
Hamilton Cardinals batting - Pitching for Detroit Red Wings : LHP Estêvão Cavadas
|
Batting: SHB Justin Towry
|
0-0: Fly out, F4 (Popup, 4, EV 63.1 MPH)
|
Batting: RHB Tim Williams
|
0-0: Foul Ball, location: 2F 0-1: Swinging Strike 0-2: Reached on error, E5 (Groundball, 56, EV 86.9 MPH)
|
Batting: RHB Ben Politi
|
0-0: Ball 1-0: Ball 2-0: Ball 3-0: Foul Ball, location: 2F 3-1: Swinging Strike 3-2: Ground out 4-3 (Groundball, 4, EV 86.2 MPH) Tim Williams to third
|
Batting: RHB Steve Hansen
|
0-0: Ball 1-0: Ball 2-0: Ball 3-0: Base on Balls
|
Batting: RHB Johnny Lowe
|
0-0: Called Strike 0-1: Ball 1-1: Fly out, F3 (Popup, 34S, EV 81.9 MPH)
|
Top of the 6th over - 0 runs, 0 hits, 1 error, 2 left on base; Hamilton 0 - Detroit 0 |
BOTTOM OF THE 6TH |
Detroit Red Wings batting - Pitching for Hamilton Cardinals : RHP Steve Pierson
|
Batting: SHB Chris Wagler
|
0-0: Ball 1-0: Called Strike 1-1: Ball 2-1: Called Strike 2-2: Strikes out swinging
|
Batting: RHB Tony Nunez
|
0-0: Ball 1-0: Foul Ball, location: 2F 1-1: Foul Ball, location: 2F 1-2: Foul Ball, location: 2F 1-2: Foul Ball, location: 2F 1-2: Fly out, F4 (Popup, 4M, EV 68.1 MPH)
|
Batting: LHB Glen Boyle
|
0-0: Ball 1-0: Called Strike 1-1: Swinging Strike 1-2: Ground out 6-3 (Groundball, 6M, EV 83.8 MPH)
|
Bottom of the 6th over - 0 runs, 0 hits, 0 errors, 0 left on base; Hamilton 0 - Detroit 0 |
TOP OF THE 7TH |
Hamilton Cardinals batting - Pitching for Detroit Red Wings : LHP Estêvão Cavadas
|
Batting: RHB McGwire Jones
|
0-0: Called Strike 0-1: Fly out, F6 (Flyball, 6MD, EV 84.4 MPH)
|
Batting: RHB Sam Daw
|
0-0: Ball 1-0: Fly out, F7 (Flyball, 78M, EV 85.6 MPH)
|
Batting: RHB Edgar Klockow
|
0-0: Called Strike 0-1: SOLO HOME RUN (Flyball, 9D, EV 98.1 MPH), Distance : 387 ft
|
Batting: RHB Chris Rouleau
|
0-0: Ball 1-0: Ball 2-0: Foul Ball, location: 2F 2-1: Foul Ball, location: 2F 2-2: Strikes out swinging
|
Top of the 7th over - 1 run, 1 hit, 0 errors, 0 left on base; Hamilton 1 - Detroit 0 |
BOTTOM OF THE 7TH |
Detroit Red Wings batting - Pitching for Hamilton Cardinals : RHP Steve Pierson
|
Batting: RHB Brandon Everett
|
0-0: Ball 1-0: Called Strike 1-1: Ground out 6-3 (Groundball, 6MD, EV 106.9 MPH)
|
Batting: RHB Kevin Steed
|
0-0: Ball 1-0: Ground out 4-3 (Groundball, 4M, EV 102.5 MPH)
|
Batting: LHB Isao Fukui
|
0-0: Ball 1-0: Foul Ball, location: 2F 1-1: Foul Ball, location: 2F 1-2: Ball 2-2: Strikes out swinging
|
Bottom of the 7th over - 0 runs, 0 hits, 0 errors, 0 left on base; Hamilton 1 - Detroit 0 |
TOP OF THE 8TH |
Hamilton Cardinals batting - Pitching for Detroit Red Wings : LHP Estêvão Cavadas
|
Batting: SHB Justin Towry
|
0-0: Ball 1-0: Ball 2-0: Called Strike 2-1: SINGLE (Line Drive, 56, EV 101.2 MPH)
|
Pitching: RHP Leon Benitez
|
|
Batting: RHB Tim Williams
|
0-0: Ball 1-0: Foul Ball, location: 2F 1-1: Ball 2-1: Ball 3-1: Foul Ball, location: 2F 3-2: Base on Balls Justin Towry to second
|
Batting: RHB Ben Politi
|
0-0: SINGLE (Groundball, 4S, EV 68.1 MPH) (infield hit) Justin Towry to third Tim Williams to second
|
Batting: RHB Steve Hansen
|
0-0: Ball 1-0: SINGLE (Line Drive, 7LS, EV 94.4 MPH) Justin Towry scores Tim Williams to third Ben Politi to second
|
Batting: RHB Johnny Lowe
|
0-0: Grounds into fielders choice 6-2 (Groundball, 6MS, EV 65.6 MPH) Ben Politi to third Steve Hansen to second
|
Batting: RHB McGwire Jones
|
0-0: Ball 1-0: Foul Ball, location: 2F 1-1: Foul Ball, location: 2F 1-2: SINGLE (Flyball, 4D, EV 100.6 MPH) Ben Politi scores Steve Hansen to third Johnny Lowe to second
|
Batting: RHB Sam Daw
|
0-0: Ball 1-0: Swinging Strike 1-1: Fly out, F8 (Flyball, 8LS, EV 89.4 MPH)
|
Batting: RHB Edgar Klockow
|
0-0: Called Strike 0-1: SINGLE (Line Drive, 7S, EV 96.2 MPH) Steve Hansen scores Johnny Lowe to third McGwire Jones to second Runner from 3rd tries for Home, SAFE, throw by LF to home
|
Batting: RHB Chris Rouleau
|
0-0: Ball 1-0: Ball 2-0: SINGLE (Groundball, 34D, EV 104.4 MPH) McGwire Jones to third Edgar Klockow to second Runner from 3rd tries for Home, SAFE, throw by RF to home
|
Batting: SHB Justin Towry
|
0-0: Called Strike 0-1: Fly out, F5 (Popup, 5, EV 72.5 MPH)
|
Top of the 8th over - 5 runs, 6 hits, 0 errors, 2 left on base; Hamilton 6 - Detroit 0 |
BOTTOM OF THE 8TH |
Detroit Red Wings batting - Pitching for Hamilton Cardinals : RHP Steve Pierson
|
Batting: RHB Norm Wood
|
0-0: Foul Ball, location: 2F 0-1: Ball 1-1: Ground out 6-3 (Groundball, 6, EV 92.5 MPH)
|
Pinch Hitting: SHB Willie Medina
|
0-0: Called Strike 0-1: Ground out 4-3 (Groundball, 4, EV 79.4 MPH)
|
Batting: RHB Jose Evangelista
|
0-0: Called Strike 0-1: SINGLE (Line Drive, 8RS, EV 93.8 MPH)
|
Batting: SHB Chris Wagler
|
0-0: Called Strike 0-1: Ball 1-1: Swinging Strike 1-2: Strikes out swinging
|
Bottom of the 8th over - 0 runs, 1 hit, 0 errors, 1 left on base; Hamilton 6 - Detroit 0 |
TOP OF THE 9TH |
Hamilton Cardinals batting - Pitching for Detroit Red Wings : RHP Leon Benitez
|
Now in LF: Willie Medina
|
|
Batting: RHB Tim Williams
|
0-0: Swinging Strike 0-1: Ball 1-1: Ball 2-1: Foul Ball, location: 2F 2-2: Ball 3-2: Foul Ball, location: 2F 3-2: Base on Balls
|
Batting: RHB Ben Politi
|
0-0: Ball 1-0: Swinging Strike 1-1: Ball 2-1: Foul Ball, location: 2F 2-2: Foul Ball, location: 2F 2-2: SINGLE (Groundball, 5S, EV 70.0 MPH) (infield hit) Tim Williams to second
|
Batting: RHB Steve Hansen
|
0-0: Called Strike 0-1: Foul Ball, location: 2F 0-2: Ball 1-2: Ball 2-2: Foul Ball, location: 2F 2-2: Ball 3-2: Foul Ball, location: 2F 3-2: SINGLE (Line Drive, 56, EV 96.9 MPH) Tim Williams to third Ben Politi to second
|
Batting: RHB Johnny Lowe
|
0-0: Foul Ball, location: 2F 0-1: Called Strike 0-2: Ball 1-2: GRAND SLAM HOME RUN (Flyball, 7D, EV 99.4 MPH), Distance : 415 ft
|
Pitching: RHP Edwin Marquez
|
|
Pinch Hitting: LHB Nelson Pelico
|
0-0: Ball 1-0: Ball 2-0: Called Strike 2-1: Ball 3-1: Swinging Strike 3-2: Ground out U3 (Groundball, 34S, EV 65.0 MPH)
|
Batting: RHB Sam Daw
|
0-0: Foul Ball, location: 2F 0-1: Fly out, F7 (Flyball, 7LD, EV 106.2 MPH)
|
Pinch Hitting: RHB Sal Guzman
|
0-0: Ball 1-0: Ball 2-0: Ball 3-0: Called Strike 3-1: Swinging Strike 3-2: Foul Ball, location: 2F 3-2: Foul Ball, location: 2F 3-2: SINGLE (Groundball, 34D, EV 97.5 MPH)
|
Batting: RHB Chris Rouleau
|
0-0: Ball 1-0: Called Strike 1-1: Called Strike 1-2: Ball 2-2: Fly out, F9 (Flyball, 89S, EV 78.1 MPH)
|
Top of the 9th over - 4 runs, 4 hits, 0 errors, 1 left on base; Hamilton 10 - Detroit 0 |
BOTTOM OF THE 9TH |
Detroit Red Wings batting - Pitching for Hamilton Cardinals : RHP Steve Pierson
|
Now at 3B: Nelson Pelico
|
|
Now in CF: Billy Lang
|
|
Batting: RHB Tony Nunez
|
0-0: SINGLE (Line Drive, 9S, EV 90.0 MPH)
|
Pinch Hitting: RHB Khalil Coleman
|
0-0: Called Strike 0-1: Swinging Strike 0-2: Reached on error, E6 (Groundball, 6M, EV 104.4 MPH) Tony Nunez to second
|
Batting: RHB Brandon Everett
|
0-0: Ball 1-0: Ball 2-0: Called Strike 2-1: SINGLE (Groundball, 6MD, EV 98.1 MPH) Tony Nunez to third Khalil Coleman to second
|
Batting: RHB Kevin Steed
|
0-0: Ball 1-0: Foul Ball, location: 2F 1-1: Foul Ball, location: 2F 1-2: Strikes out swinging
|
Batting: LHB Isao Fukui
|
0-0: Reached on error, E7 (Flyball, 7LS, EV 79.4 MPH) Tony Nunez scores Khalil Coleman to third Brandon Everett to second
|
Pitching: LHP Gonnohyoe Hata
|
|
Pinch Hitting: RHB Yankel Pensak
|
0-0: Ball 1-0: Called Strike 1-1: Ball 2-1: Foul Ball, location: 2F 2-2: Ball 3-2: Strikes out swinging
|
Pinch Hitting: RHB Juan Perez
|
0-0: Ball Wild Pitch! Khalil Coleman scores Brandon Everett to third Isao Fukui to second 1-0: Foul Ball, location: 2F 1-1: Ball 2-1: Swinging Strike 2-2: Strikes out swinging
|
Bottom of the 9th over - 2 runs, 2 hits, 2 errors, 2 left on base; Hamilton 10 - Detroit 2 |
|